 Dungeon Crawl Stone Soup version 0.16.1-4-g8e1b745 (webtiles) character file.

559 Zapata the Basher (level 7, -4/61 HPs)
             Began as a Kobold Berserker on Mar 26, 2015.
             Was a High Priest of Trog.
             Slain by a centaur (6 damage)
             ... on level 5 of the Dungeon.
             The game lasted 00:06:49 (5512 turns).

Zapata the Basher (Kobold Berserker)                Turns: 5512, Time: 00:06:49

Health: -4/61      AC:  2    Str: 21    XL:     7   Next: 57%
Magic:  16/16      EV: 15    Int:  5    God:    Trog [*****.]
Gold:   243        SH:  0    Dex: 17    Spells: 0 memorised, 6 levels left

rFire  . . .     SeeInvis +     a - +0 whip (holy)
rCold  . . .     Clarity  .     b - +0 animal skin
rNeg   . . .     SustAb   .     (no shield)
rPois  .         Gourm    .     (no helmet)
rElec  .         Spirit   .     (no cloak)
rCorr  .         Warding  .     (no gloves)
rMut   .         Stasis   .     (no boots)
MR     .....                    (no amulet)
Stlth  ..........               v - ring of see invisible
                                f - ring of magical power

@: berserking, very quick, not resistant to hostile enchantments, extremely
unstealthy
A: carnivore 3
a: Burn Spellbooks, Berserk, Trog's Hand, Brothers in Arms, Renounce Religion


You were on level 5 of the Dungeon.
You worshipped Trog.
Trog was extremely pleased with you.
You were very full.

You visited 1 branch of the dungeon, and saw 5 of its levels.

You collected 243 gold pieces.

Inventory:

Hand weapons
 a - a +0 whip of holy wrath (weapon)
Missiles
 d - 9 bolts of frost
 e - 232 stones (quivered)
 o - 11 tomahawks
 r - 10 bolts of flame
Armour
 b - a +0 animal skin (worn)
Jewellery
 f - a ring of magical power (left hand)
 v - a ring of see invisible (right hand)
Magical devices
 j - a wand of slowing (26)
Scrolls
 k - 2 scrolls of remove curse
 l - 3 scrolls of teleportation {unknown}
 s - a scroll of recharging {unknown}
 u - a scroll of magic mapping {unknown}
 x - a scroll of enchant weapon {unknown}
Potions
 g - 2 potions of invisibility
 h - a potion of haste
 i - a potion of cancellation
 m - a potion of poison {unknown}
 n - 2 potions of heal wounds {unknown}
 p - a potion of agility {unknown}
 q - 2 potions of restore abilities
 t - a potion of curing {unknown}
 w - a potion of berserk rage {unknown}
Comestibles
 c - 4 meat rations


   Skills:
 - Level 3.2 Fighting
 + Level 8.2 Maces & Flails
 - Level 1.5 Armour
 - Level 2.4 Dodging


You had 6 spell levels left.
You didn't know any spells.

Dungeon Overview and Level Annotations

Branches:
Dungeon (5/15)             Temple (0/1) D:4

Altars:
Nemelex Xobeh
Sif Muna
Vehumet
Yredelemnul

Shops:
D:4 }


Innate Abilities, Weirdness & Mutations

You are small and have problems with some larger weapons.
You are carnivorous and can eat meat at any time.


Message History

The orc hits you with a hand axe.
The centaur shoots an arrow.
The arrow hits you!
You barely miss the orc. The orc hits you but does no damage.
You hit the orc!
You feel the power of Trog in you as your rage grows.
You kill the orc!
Trog accepts your kill.
The centaur shoots an arrow.
The arrow hits you!
* * * LOW HITPOINT WARNING * * *
You are too injured to fight recklessly!
You are too injured to fight recklessly!
You are too injured to fight recklessly!
Huge Dmg: -48%(-29hp) hp: 15%(9hp)
You closely miss the orc. The orc closely misses you.
The centaur shoots an arrow.
The arrow hits you!
* * * LOW HITPOINT WARNING * * *
Huge Dmg: -11%(-7hp) hp: 4%(2hp)
The centaur unwields an uncursed shortbow.
The centaur hits you.
You die...

#..........#.#...####
##.......#.#.....<.#
##.....##.####.##.#
##...###.# #.##.#
##'## #.# #.##.# #.#
#.. ..##.# #.# ###
####.# ####(#####.#
#.# #..@)o......# #.#
#...c..##.#. ..#
#.#...## ### ...##.##
### #.# #.# #.# #.# .


You could see a centaur and an orc.

Vanquished Creatures
  A phantom (D:4)
  A scorpion (D:4)
  2 orc priests
  3 orc wizards
  A worker ant (D:4)
  10 adders
  4 worms
  3 giant geckos
  An ooze (D:2)
  20 orcs
  A ball python (D:2)
  15 bats
  7 giant cockroaches
  15 hobgoblins
  9 kobolds
  3 quokkas
  5 giant newts
  11 goblins
  6 rats
118 creatures vanquished.

Notes
Turn   | Place    | Note
--------------------------------------------------------------
     0 | D:1      | Zapata, the Kobold Berserker, began the quest for the Orb.
     0 | D:1      | Reached XP level 1. HP: 14/14 MP: 1/1
   168 | D:1      | Reached XP level 2. HP: 12/19 MP: 2/2
   379 | D:1      | Acquired Trog's second power
   507 | D:1      | Reached skill level 4 in Maces & Flails
   507 | D:1      | Reached XP level 3. HP: 23/23 MP: 3/3
  1272 | D:2      | Reached XP level 4. HP: 19/28 MP: 4/4
  1817 | D:2      | Reached skill level 5 in Maces & Flails
  2292 | D:2      | Reached XP level 5. HP: 29/32 MP: 5/5
  2721 | D:3      | Found a sparkling altar of Nemelex Xobeh.
  2856 | D:3      | Found a radiant altar of Vehumet.
  3218 | D:3      | Reached skill level 6 in Maces & Flails
  3218 | D:3      | Reached XP level 6. HP: 37/37 MP: 6/6
  3291 | D:3      | Found a deep blue altar of Sif Muna.
  3351 | D:3      | Acquired Trog's third power
  3768 | D:4      | Found Klotieled's Gadget Shoppe.
  4306 | D:4      | Reached skill level 7 in Maces & Flails
  4369 | D:4      | Reached XP level 7. HP: 41/41 MP: 7/7
  5035 | D:4      | Found a staircase to the Ecumenical Temple.
  5064 | D:4      | Found a basalt altar of Yredelemnul.
  5184 | D:5      | Entered Level 5 of the Dungeon
  5231 | D:5      | Reached skill level 8 in Maces & Flails
  5511 | D:5      | HP: 2/61 [centaur/arrow (7)]
  5512 | D:5      | Slain by a centaur

Action                   |  1- 3 |  4- 6 |  7- 9 || total
-------------------------+-------+-------+-------++-------
Melee: Mace              |    82 |   186 |       ||   268
       Whip              |       |    21 |    92 ||   113
Invok: Berserk           |     3 |     8 |     4 ||    15
       Trog's Hand       |       |     1 |       ||     1
  Use: Scroll            |       |     7 |       ||     7
 Stab: Sleeping          |     2 |     1 |     1 ||     4
  Eat: Chunk             |    11 |    19 |     7 ||    37
